 Dungeon Crawl Stone Soup version 0.26-a0-466-g989023bd0d (webtiles) character file.

Game seed: 12273124488564079303

89047 gruber the Devastator (level 15, -10/101 HPs)
             Began as an Octopode Venom Mage on Aug 8, 2020.
             Was the Champion of Vehumet.
             Mangled by a flayed ghost (15 damage)
             ... on level 14 of the Dungeon.
             The game lasted 01:08:02 (37177 turns).

gruber the Devastator (Octopode Venom Mage)        Turns: 37177, Time: 01:08:02

Health: -10/101    AC:  2    Str: 14    XL:     15   Next: 96%
Magic:  0/30       EV: 18    Int: 29    God:    Vehumet [******]
Gold:   1703       SH: 10    Dex: 13    Spells: 7/36 levels left

rFire    + . .     SeeInvis .   X - staff of wizardry
rCold    + . .     Faith    .   Q - +0 buckler
rNeg     . . .     Spirit   .   j - +1 hat
rPois    .         Reflect  +   J - amulet of reflection
rElec    .         Harm     .   b - ring of wizardry
rCorr    .                      k - ring of flight
MR       +....                  H - ring of wizardry
Stlth    +++.......             W - +6 ring of strength
HPRegen  0.26/turn              Y - +6 ring of intelligence
MPRegen  0.22/turn              t - ring of protection from cold
                                D - ring of protection from fire
                                (no ring)

@: flayed, studying Stealth
A: almost no armour, stealthy swim, amphibious, 8 rings, constrict 8, camouflage
1, gelatinous body 1
a: Renounce Religion, Evoke Flight


You were on level 14 of the Dungeon.
You worshipped Vehumet.
Vehumet was exalted by your worship.
You visited 4 branches of the dungeon, and saw 23 of its levels.

You collected 2771 gold pieces.
You spent 1068 gold pieces at shops.

Inventory:

Hand Weapons
 A - a +5 war axe of freezing
Missiles
 y - 4 curare-tipped darts (quivered)
 V - 10 atropa-tipped darts
Armour
 j - a +1 hat (worn)
 Q - a +0 buckler (worn)
Magical Staves
 X - an uncursed staff of wizardry (weapon)
 Z - an uncursed staff of conjuration
Jewellery
 b - a ring of wizardry (left tentacle)
 k - a ring of flight (right tentacle)
 t - a ring of protection from cold (on tentacle)
 D - a ring of protection from fire (on tentacle)
 H - a ring of wizardry (on tentacle)
 J - an amulet of reflection (around mantle)
 W - a +6 ring of strength (on tentacle)
 Y - a +6 ring of intelligence (on tentacle)
Wands
 m - a wand of flame (24)
 o - a wand of disintegration (16)
 u - a wand of paralysis (4)
 B - a wand of enslavement (7)
 C - a wand of digging (4)
 F - a wand of acid (8)
 G - a wand of polymorph (20)
 M - a wand of iceblast (4)
Scrolls
 a - 4 scrolls of amnesia
 c - 10 scrolls of remove curse
 f - 5 scrolls of magic mapping
 h - a scroll of identify
 i - 8 scrolls of teleportation
 l - 6 scrolls of random uselessness {unknown}
 p - 3 scrolls of fear
 q - 7 scrolls of enchant armour
 r - 8 scrolls of immolation
 s - a scroll of holy word {unknown}
 w - 2 scrolls of fog
 E - 2 scrolls of summoning
 I - 4 scrolls of blinking
 P - 2 scrolls of enchant weapon
 R - a scroll of silence
Potions
 d - a potion of flight
 e - a potion of berserk rage
 g - 4 potions of heal wounds
 n - 7 potions of curing
 v - 2 potions of resistance
 x - 4 potions of ambrosia
 z - a potion of cancellation
 K - 4 potions of haste
 L - a potion of invisibility
 N - a potion of magic
 O - 3 potions of lignification
 T - 2 potions of mutation
 U - a potion of might
Books
 S - a manual of Stealth


   Skills:
 - Level 9.1 Fighting
 - Level 0.1 Staves
 - Level 9.0 Dodging
 - Level 2.6 Stealth
 - Level 6.0 Shields
 * Level 11.4 Spellcasting
 - Level 15.0 Conjurations
 - Level 1.0 Transmutations
 - Level 3.0 Fire Magic
 - Level 10.1 Ice Magic
 - Level 2.0 Air Magic
 - Level 8.2 Earth Magic
 - Level 8.0 Poison Magic
 - Level 0.1 Evocations


You had 7 spell levels left.
You knew the following spells:

 Your Spells              Type           Power        Failure   Level
a - Sting                 Tmut/Pois      ####         1%          1
b - Poisonous Vapours     Pois/Air       #####.       1%          2
c - Mephitic Cloud        Conj/Pois/Air  ######..     1%          3
d - Ignite Poison         Fire/Tmut/Pois #####...     1%          3
e - Olgreb's Toxic Radia  Pois           ######..     1%          4
f - Stone Arrow           Conj/Erth      ######       1%          3
g - Iskenderun's Battles  Conj           #######.     1%          5
h - Ozocubu's Refrigerat  Ice            ######....   1%          6
i - Blink                 Tloc           N/A          1%          2

Your spell library contained the following spells:

 Spells                   Type           Power        Failure   Level
 Fireball                 Conj/Fire      ######....   1%          5
 Corona                   Hex            ###....      1%          1
 Sandblast                Erth           ######       1%          1
 Summon Small Mammal      Summ           ###.         1%          1
 Call Imp                 Summ           ###.....     1%          2
 Ensorcelled Hibernation  Hex/Ice        #####.       1%          2
 Passwall                 Tmut/Erth      #####...     1%          2
 Slow                     Hex            ###.....     1%          2
 Sublimation of Blood     Necr           ###.......   1%          2
 Call Canine Familiar     Summ           ###.....     1%          3
 Confusing Touch          Hex            ###.....     1%          3
 Dazzling Flash           Conj/Hex       ######       1%          3
 Gell's Gravitas          Tloc           ###.......   1%          3
 Inner Flame              Hex/Fire       ####....     1%          3
 Lesser Beckoning         Tloc           ###.......   1%          3
 Portal Projectile        Hex/Tloc       ###...       1%          3
 Summon Guardian Golem    Hex/Summ       ###.....     1%          3
 Teleport Other           Tloc           ###.....     1%          3
 Tukima's Dance           Hex            ###.....     1%          3
 Leda's Liquefaction      Hex/Erth       #####.....   1%          4
 Petrify                  Tmut/Erth      #####...     1%          4
 Summon Ice Beast         Ice/Summ       #####...     1%          4
 Irradiate                Conj/Tmut      ######....   1%          5
 Lee's Rapid Deconstruct  Erth           ######....   1%          5
 Alistair's Intoxication  Tmut/Pois      #####....    3%          5
 Summon Lightning Spire   Summ/Air       ###.....     4%          4
 Cause Fear               Hex            ###.......   7%          4
 Passage of Golubria      Tloc           N/A          7%          4
 Eringya's Noxious Bog    Tmut/Pois      #####.....   16%         6


Dungeon Overview and Level Annotations

Branches:
Dungeon (14/15)            Temple (1/1) D:5            Lair (6/6) D:8
 Shoals (0/4) Lair:3        Snake (0/4) Lair:4        Slime (0/5) Lair:6
    Orc (2/2) D:10            Elf (0/3) Orc:2        Vaults (0/5) D:14

Altars:
Ashenzari
Cheibriados
Dithmenos
Elyvilon
Fedhas
Gozag
Hepliaklqana
Kikubaaqudgha
Makhleb
Nemelex Xobeh
Okawaru
Qazlal
Ru
Sif Muna
Trog
Uskayaw
Vehumet
Wu Jian
Xom
Yredelemnul
Zin
The Shining One
Beogh
Jiyva

Shops:
D:6 (   D:11 (   D:13 !   Orc:2 =(*[

Portals:
Abyss: D:4

Annotations:
D:13 2 transporters, Depuofia's ghost, journeyman GnWn
D:14 5 runed translucent doors, Roxanne; Uvuqo's ghost, adept HaHu
Lair:2 exclusion: 4 oklob plants
Lair:6 1 runed translucent door
Orc:1 3 runed translucent doors, Useleul's ghost, adept KoBe; Yermak's ghost, novice DDFi; p0werm0de's ghost, journeyman DDFi


Innate Abilities, Weirdness & Mutations

You cannot wear most types of armour.
You are very stealthy in the water. (Stealth+)
You are amphibious.
You can wear up to eight rings at the same time.
You can use your tentacles to constrict eight enemies at once.
Your skin changes colour to match your surroundings (Stealth+).
Your rubbery body absorbs attacks. (AC +1, EV +1)


Message History

Casting: Stone Arrow (safe; 1% risk of failure)
Confirm with . or Enter, or press ? or * to list all spells.
Aiming: Stone Arrow (safe; 1% risk of failure)
Press: ? - help, Shift-Dir - straight line, f/p - flayed ghost
Aim: a flayed ghost (moderately damaged)
The stone arrow hits the flayed ghost!!
The flayed ghost is severely damaged.
Your battlesphere fires!
The barrage of energy hits the flayed ghost!
The flayed ghost is severely damaged.
The flayed ghost hits you!
* * * LOW HITPOINT WARNING * * *
Unknown command.
Evoke which item? (* to show all) (? for menu, Esc to quit)
Aiming: Corrosive Bolt
Press: ? - help, Shift-Dir - straight line, f/p - flayed ghost
Aim: a flayed ghost (severely damaged)
The bolt of acid misses the flayed ghost.
The flayed ghost hits you!
You die...

.........## ##..........#
..#####...#####...........#
#.#...#)..'...##..........#
#.#...#...#...##....#######
#.#...#...#'####....#
#.#.∩.†)..#.#....*..#
#.#...#..)#.#.#.....#
#.#...#...#.#.##....#
#.#...#...#.'.#.@W..#
#.#####...########..# #..#
##.#..# #..# #..# #....#
#..# ...# ###..# #..# ####
#..# #..# #..# #..# #..#
#W.# #..# #..####


You could see a flayed ghost and a friendly battlesphere.

Vanquished Creatures
  Kirke (D:14)
  An orc warlord (Orc:2)
  A vampire knight (D:12)
  Nessos (D:14)
  Snorg (D:14)
  4 hydras
  5 centaur warriors
  A death yak (Lair:6)
  8 two-headed ogres
  A vampire mage (D:12)
  4 orc high priests (Orc:2)
  3 skeletal warriors (D:13)
  An unseen horror (D:12)
  Pikel (D:7)
  A harpy (D:14)
  A necromancer (D:14)
  3 orc knights (Orc:2)
  An ugly thing (D:12)
  2 deep elf magi (D:14)
  5 orc sorcerers
  A cyclops (D:14)
  8 elephants
  Maurice (Orc:1)
  3 centaur zombies
  5 black mambas
  2 orange demons (D:13)
  14 cane toads
  Maggie (D:6)
  9 rime drakes
  An ancient zyme (D:4)
  4 komodo dragons
  3 trolls
  3 polar bears (Lair:6)
  12 blink frogs
  5 hornets
  A snapping turtle (Lair:3)
  8 dream sheep (Lair:6)
  13 hippogriffs
  The ghost of Sassenached the Ducker, an amateur KoWn (D:4)
  17 flying skulls
  11 spriggans (Lair:6)
  6 vampires (D:12)
  A wraith (D:10)
  7 hogs (D:14)
  A shadow (D:12)
  43 yaks
  4 water elementals (D:12)
  12 basilisks
  12 wyverns
  A human (shapeshifter) (D:12)
  Menkaure (D:6)
  2 wargs
  A soldier ant (D:14)
  2 acid dragons
  19 water moccasins
  11 porcupines
  A hornet zombie (D:14)
  9 phantoms
  An ice beast (D:6)
  38 orc warriors
  2 small abominations (D:4)
  12 ogres
  5 black bears
  A necrophage (D:8)
  7 sky beasts
  5 boggarts (Lair:6)
  2 eyes of draining
  31 wolves
  9 centaurs
  8 crocodiles
  2 big kobolds (D:11)
  3 lemures (D:7)
  11 bullfrogs
  A wyvern zombie (D:7)
  A water moccasin zombie (D:9)
  A wyvern skeleton (D:12)
  2 scorpions
  18 killer bees
  11 wights
  6 electric eels
  3 howler monkeys
  3 bullfrog zombies
  A crimson imp (D:7)
  4 centaur skeletons
  6 hounds
  6 human zombies (D:12)
  7 jellies
  21 orc priests
  8 bullfrog skeletons
  10 iguanas
  Crazy Yiuf (D:2)
  5 iron imps (D:13)
  Jessica (D:2)
  28 orc wizards
  2 hell rats (D:12)
  10 worker ants
  A hound zombie (D:5)
  A hound skeleton (D:5)
  A mummy (D:6)
  2 worker ant zombies
  A howler monkey zombie (D:5)
  10 adders
  13 gnolls
  A river rat (D:12)
  A shadow imp (D:10)
  4 white imps
  An ufetubus (D:8)
  3 adder skeletons
  2 adder zombies
  4 worms
  3 dart slugs
  10 leopard geckos
  142 orcs
  4 giant cockroaches
  9 goblins
  7 hobgoblins
  8 jackals
  17 kobolds
  6 quokkas
  2 ball pythons
  A ball python skeleton (D:4)
  10 bats
  6 frilled lizards
  A jackal zombie (D:5)
  A kobold zombie (D:6)
  A leopard gecko skeleton (D:6)
  2 leopard gecko zombies
  An orc zombie (D:6)
  8 rats
  A butterfly (D:8)
880 creatures vanquished.

Vanquished Creatures (others)
  27 fungi
  21 plants
  4 toadstools (D:12)
  2 withered plants (Orc:1)
54 creatures vanquished.

Grand Total: 934 creatures vanquished

Notes
Turn   | Place    | Note
-------+----------+-------------------------------------------
     0 | D:1      | gruber the Octopode Venom Mage began the quest for the Orb.
     0 | D:1      | Reached XP level 1. HP: 11/11 MP: 3/3
   496 | D:1      | Reached XP level 2. HP: 17/17 MP: 3/5
   706 | D:1      | Learned a level 2 spell: Poisonous Vapours
  1234 | D:2      | Found a glowing golden altar of the Shining One.
  1286 | D:2      | Reached XP level 3. HP: 19/21 MP: 1/6
  1369 | D:2      | Found a basalt altar of Yredelemnul.
  1380 | D:2      | Reached skill level 5 in Poison Magic
  1565 | D:2      | Reached skill level 1 in Air Magic
  1612 | D:2      | Found a runed translucent door.
  1612 | D:2      | Noticed Jessica
  1613 | D:2      | Noticed Crazy Yiuf
  1749 | D:2      | Found a faded altar of an unknown god.
  1821 | D:2      | Found a sacrificial altar of Ru.
  2105 | D:2      | Learned a level 3 spell: Mephitic Cloud
  2111 | D:2      | Killed Jessica
  2111 | D:2      | Reached XP level 4. HP: 19/27 MP: 2/7
  2145 | D:2      | Killed Crazy Yiuf
  2349 | D:3      | Reached XP level 5. HP: 17/31 MP: 0/8
  2701 | D:3      | Noticed a phantom
  2924 | D:3      | Found a snail-covered altar of Cheibriados.
  3296 | D:3      | Found a stormy altar of Qazlal.
  3431 | D:4      | Noticed a phantom
  3724 | D:4      | Reached XP level 6. HP: 33/36 MP: 2/9
  3765 | D:4      | Learned a level 3 spell: Ignite Poison
  3806 | D:4      | Found a transporter.
  3834 | D:4      | Found a transporter.
  3836 | D:4      | Noticed an ancient zyme
  3840 | D:4      | Found a one-way gate to the infinite horrors of the Abyss.
  3840 | D:4      | Noticed Sassenached's ghost (amateur KoWn)
  3842 | D:4      | Noticed a small abomination
  3867 | D:4      | Noticed a phantom
  3885 | D:4      | Killed a phantom
  3945 | D:4      | Noticed a small abomination
  4354 | D:4      | Killed a phantom
  4354 | D:4      | Reached skill level 1 in Conjurations
  4354 | D:4      | Reached skill level 1 in Fire Magic
  4354 | D:4      | Reached XP level 7. HP: 41/41 MP: 0/10
  4746 | D:5      | Entered Level 5 of the Dungeon
  4761 | D:5      | Reached skill level 2 in Conjurations
  4810 | D:5      | Reached skill level 3 in Conjurations
  5357 | D:5      | Found a staircase to the Ecumenical Temple.
  5578 | Temple   | Entered the Ecumenical Temple
  5765 | D:5      | Noticed a yak
  5777 | D:5      | Found a shattered altar of Ashenzari.
  5792 | D:5      | Killed a yak
  5792 | D:5      | Reached skill level 4 in Conjurations
  5970 | D:5      | Reached XP level 8. HP: 46/46 MP: 6/11
  6189 | D:5      | Found a glowing silver altar of Zin.
  6211 | D:5      | Reached skill level 5 in Conjurations
  6311 | D:5      | Found a radiant altar of Vehumet.
  6422 | D:5      | Found a hide-covered altar of Uskayaw.
  6747 | D:6      | Found Ceth's Weapon Shoppe.
  6763 | D:6      | Noticed Menkaure
  6798 | D:6      | Found an ancient bone altar of Kikubaaqudgha.
  6826 | D:6      | Killed Menkaure
  7111 | D:5      | Learned a level 4 spell: Olgreb's Toxic Radiance
  7197 | D:6      | Noticed Maggie
  7454 | D:6      | Reached skill level 5 in Spellcasting
  7879 | D:6      | Reached XP level 9. HP: 51/51 MP: 12/17
  7965 | D:6      | Killed Maggie
  8663 | D:7      | Learned a level 3 spell: Stone Arrow
  8942 | D:7      | Reached skill level 1 in Fighting
  9203 | D:7      | Noticed Pikel
  9213 | D:7      | Killed Pikel
  9213 | D:7      | Reached skill level 5 in Fighting
  9307 | D:7      | Reached skill level 1 in Earth Magic
  9307 | D:7      | Reached XP level 10. HP: 53/66 MP: 6/22
 10341 | D:8      | Found an opulent altar of Gozag.
 10432 | D:8      | Reached skill level 5 in Earth Magic
 10703 | D:8      | Found a shimmering altar of Xom.
 11119 | D:8      | Found a bloodstained altar of Trog.
 11749 | D:8      | Found a staircase to the Lair.
 12144 | D:9      | Found a hazy altar of Hepliaklqana.
 12498 | D:5      | Became a worshipper of Vehumet
 12779 | D:9      | Found a roughly hewn altar of Beogh.
 12779 | D:9      | Noticed a two-headed ogre
 12781 | D:9      | Reached XP level 11. HP: 71/71 MP: 15/23
 12783 | D:9      | Killed a two-headed ogre
 12783 | D:9      | Reached skill level 5 in Dodging
 13077 | D:10     | Entered Level 10 of the Dungeon
 13458 | D:10     | Reached * piety under Vehumet
 13458 | D:10     | Offered knowledge of Foxfire by Vehumet.
 13464 | D:10     | Found a staircase to the Orcish Mines.
 13943 | D:10     | Offered knowledge of Searing Ray by Vehumet.
 13969 | D:10     | Reached ** piety under Vehumet
 14460 | D:10     | Found a roughly hewn altar of Beogh.
 14545 | D:10     | Offered knowledge of Static Discharge by Vehumet.
 15372 | D:11     | Found Ter Mag's Antique Weapon Shoppe.
 15391 | D:11     | Reached *** piety under Vehumet
 16220 | D:11     | Offered knowledge of Iskenderun's Mystic Blast by Vehumet.
 16390 | D:11     | Noticed a two-headed ogre
 16395 | D:11     | Killed a two-headed ogre
 16505 | D:11     | Noticed a two-headed ogre
 16515 | D:11     | Killed a two-headed ogre
 16515 | D:11     | Reached XP level 12. HP: 82/82 MP: 8/24
 16628 | D:11     | Reached **** piety under Vehumet
 16665 | D:11     | Offered knowledge of Iskenderun's Battlesphere by Vehumet.
 17028 | Lair:1   | Entered Level 1 of the Lair of Beasts
 17283 | Lair:1   | Learned a level 5 spell: Iskenderun's Battlesphere
 17399 | Lair:1   | Reached skill level 6 in Conjurations
 18003 | Lair:1   | Reached skill level 7 in Conjurations
 18801 | Lair:2   | Reached skill level 8 in Conjurations
 20421 | Lair:3   | Reached skill level 9 in Conjurations
 21123 | Lair:3   | Reached skill level 10 in Conjurations
 21360 | Lair:3   | Found a staircase to the Shoals.
 21937 | Lair:4   | Reached XP level 13. HP: 90/90 MP: 13/25
 21941 | Lair:4   | Reached skill level 11 in Conjurations
 22260 | Lair:4   | Reached ***** piety under Vehumet
 22260 | Lair:4   | Reached skill level 12 in Conjurations
 22269 | Lair:4   | Offered knowledge of Conjure Ball Lightning by Vehumet.
 23222 | Lair:4   | Found a staircase to the Snake Pit.
 23474 | Lair:4   | Reached skill level 13 in Conjurations
 25006 | Lair:6   | Entered Level 6 of the Lair of Beasts
 25118 | Lair:5   | Reached skill level 1 in Shields
 25832 | Lair:6   | Reached XP level 14. HP: 97/97 MP: 20/26
 25856 | Lair:6   | Reached skill level 5 in Shields
 26505 | Lair:6   | Reached skill level 14 in Conjurations
 27527 | Lair:6   | Reached skill level 15 in Conjurations
 28000 | Lair:6   | Offered knowledge of Ozocubu's Refrigeration by Vehumet.
 28008 | Lair:6   | Learned a level 6 spell: Ozocubu's Refrigeration
 28143 | Lair:6   | Reached skill level 1 in Ice Magic
 28313 | Lair:6   | Found a runed translucent door.
 28324 | Lair:6   | Found a viscous altar of Jiyva.
 28389 | Lair:6   | Found a staircase to the Slime Pits.
 28389 | Lair:6   | Noticed an acid blob
 29556 | D:12     | Reached skill level 5 in Ice Magic
 30918 | D:12     | Found an ancient bone altar of Kikubaaqudgha.
 31328 | D:12     | Noticed a vampire knight
 31342 | D:12     | Killed a vampire knight
 31342 | D:12     | Reached XP level 15. HP: 67/101 MP: 6/27
 31521 | D:12     | Learned a level 2 spell: Blink
 31875 | D:13     | Found Raong's Distillery.
 31964 | D:13     | Bought a potion of haste for 130 gold pieces
 32276 | D:13     | Found a burning altar of Makhleb.
 32286 | D:13     | Reached ****** piety under Vehumet
 32452 | D:13     | Identified the +8 morningstar "Zyge" {distort, *Rage +Blink
                  | +Fly Str-2}
 32456 | D:13     | Noticed Depuofia's ghost (journeyman GnWn)
 32470 | D:13     | Found a transporter.
 32500 | D:13     | Found a transporter.
 32961 | Orc:1    | Entered Level 1 of the Orcish Mines
 32961 | Orc:1    | Noticed Maurice
 32966 | Orc:1    | Killed Maurice
 33320 | Orc:1    | Found a roughly hewn altar of Beogh.
 33326 | Orc:1    | Offered knowledge of Bolt of Magma by Vehumet.
 33502 | Orc:1    | Found a runed translucent gate.
 33502 | Orc:1    | Found a runed translucent gate.
 33502 | Orc:1    | Found a runed translucent gate.
 33512 | Orc:1    | Noticed Yermak's ghost (novice DDFi)
 33512 | Orc:1    | Noticed Useleul's ghost (adept KoBe)
 33513 | Orc:1    | Noticed p0werm0de's ghost (journeyman DDFi)
 33596 | Orc:2    | Entered Level 2 of the Orcish Mines
 33873 | Orc:2    | Noticed an orc warlord
 33874 | Orc:2    | Reached skill level 10 in Ice Magic
 33880 | Orc:2    | Killed an orc warlord
 34146 | Orc:2    | Found Ratuq's General Store.
 34147 | Orc:2    | Found Bucwick's Jewellery Emporium.
 34148 | Orc:2    | Found Nuzyaneh's Antique Armour Shoppe.
 34148 | Orc:2    | Found Larov's Antique Weapon Shoppe.
 34152 | Orc:2    | Bought a runed hat for 175 gold pieces
 34168 | Orc:2    | Bought an uncursed ring of protection from cold for 350
                  | gold pieces
 34169 | Orc:2    | Bought an uncursed ring of protection from fire for 350
                  | gold pieces
 34172 | Orc:2    | Bought a cursed ring of attention for 63 gold pieces
 34463 | Orc:2    | Found a staircase to the Elven Halls.
 34509 | Orc:2    | Found a burning altar of Makhleb.
 35049 | D:4      | Killed Sassenached's ghost
 35058 | D:4      | Offered knowledge of Fireball by Vehumet.
 35668 | D:14     | Noticed Snorg
 35674 | D:14     | Killed Snorg
 35737 | D:14     | Identified Roxanne's Almanac of Shape Shifting
 35737 | D:14     | Noticed Roxanne
 35821 | D:14     | Found a runed translucent gate.
 35821 | D:14     | Found a runed translucent gate.
 35821 | D:14     | Found a runed translucent gate.
 35821 | D:14     | Noticed a fire giant
 35822 | D:14     | Noticed Uvuqo's ghost (adept HaHu)
 35830 | D:14     | Reached skill level 10 in Spellcasting
 36358 | D:14     | Noticed Kirke
 36370 | D:14     | Killed Kirke
 36777 | D:14     | Noticed Nessos
 36781 | D:14     | Killed Nessos
 37050 | D:14     | Found a gate to the Vaults.
 37151 | D:14     | Found a large runed translucent door.
 37151 | D:14     | Found a large runed translucent door.
 37176 | D:14     | HP: 4/101 [flayed ghost (8)]
 37177 | D:14     | Mangled by a flayed ghost

Illustrated notes

Levels and vault maps discovered:
D:1:      lightli_arrival_statue_moat, layout_loops_cross, minmay_liquid_box,
          minmay_misc_feat_enclosed, minmay_misc_feat_five, solitary_fountain,
          supply_closet_lemuel, minmay_misc_feat_roman
D:2:      layout_loops_cross, lemuel_round_altar,
          nicolae_ru_sacrificial_ziggurat, lemuel_doored_altar,
          chequers_ecumenical_altar_simple_redux, uniq_crazy_yiuf_cottage,
          uniq_jessica
D:3:      layout_rooms, nicolae_qazlal_general_emergency,
          kennysheep_slug_shrine, guppyfry_early_orc_mine
D:4:      layout_basic, gammafunk_ghost_abyssal_escape, kennysheep_boxes
D:5:      cheibrodos_fzero, layout_basic, nicolae_overflow_crystal_walls,
          lemuel_round_altar, zin_academy, kennysheep_mini_moat,
          temple_fountains
D:6:      layout_rooms, serial_shops, shop, basic_altar,
          nicolae_ossuary_entry_giza, uniq_maggie, uniq_menkaure
D:7:      layout_cave_pools, minmay_fire_ice_demons, uniq_pikel
D:8:      layout_loops_ring, xom_butterflies, grunt_gozag_breadcrumbs,
          bloody_trog, minmay_lair_entry_grove
D:9:      layout_roguey [special_room_orc], old_standard_altar, hive_lemuel
D:10:     layout_basic, erik_orc_4, special_room [special_room_orc]
D:11:     layout_roguey, special_room [special_room_orc], serial_shops, shop
D:12:     lemuel_vampire_tower, layout_irregular_city, abandoned_shop,
          minmay_gold_behind_fungi, nicolae_underground_beach
D:13:     layout_roguey, serial_shops, shop_fountains,
          gammafunk_ghost_abyssal_escape, hangedman_abyss_or_decor_lesser_grid,
          lemuel_hellish_altar
D:14:     kennysheep_six_static_rooms, layout_irregular_city, david_vaults_1,
          minmay_misc_feat_four_crosses, gammafunk_ghost_fury_of_okawaru,
          jmf_multi_god_temple2, uniq_nessos, uniq_roxanne, uniq_kirke,
          uniq_snorg
Temple:   nicolae_temple_figure_zero
Lair:1:   layout_cave_pods, grunt_megastairs_3, serial_bayou_shore_b
Lair:2:   layout_small_grid, nicolae_quartered_pool_little,
          minmay_lair_oklob_chamber
Lair:3:   layout_cave_pods, minmay_shoals_entry_hut, grunt_megastairs_1,
          lemuel_fruit_fields, serial_bayou_shore_a
Lair:4:   layout_roguey [special_room_mythical_zoo], dummy_snake_entry,
          lemuel_fruit_tree
Lair:5:   layout_cave_shapes
Lair:6:   minmay_lair_end_enchanted_forest, layout_cave_pods, slime_altar_2
Orc:1:    layout_diamond_mine, basic_altar, gammafunk_ghost_cemetery,
          uniq_maurice
Orc:2:    st_orc_congregation, layout_diamond_mine, basic_altar

Skill      XL: |  1  2  3  4  5  6  7  8  9 10 11 12 13 14 15 |
---------------+----------------------------------------------+-----
Poison Magic   | 4 5 6 7 8 |  8.0
Air Magic      | 1 2 |  2.0
Conjurations   | 1 4 5 10 13 15 | 15.0
Fire Magic     | 1 3 |  3.0
Spellcasting   | 5 8 11 | 11.4
Fighting       | 5 7 9 |  9.1
Earth Magic    | 1 8 |  8.2
Dodging        | 4 9 |  9.0
Shields        | 4 6 |  6.0
Ice Magic      | 7 10 | 10.1
Staves         | |  0.1
Stealth        | |  2.6
Transmutations | |  1.0
Evocations     | |  0.1

Action                   |  1- 3 |  4- 6 |  7- 9 | 10-12 | 13-15 || total
-------------------------+-------+-------+-------+-------+-------++-------
Melee: Unarmed           |    10 |       |       |       |       ||    10
       Tentacles         |     6 |     7 |    19 |    23 |    22 ||    77
       Constrict         |     9 |    14 |    23 |    31 |    28 ||   105
       Spear             |    22 |    70 |   122 |       |       ||   214
       War axe           |       |       |     6 |   169 |   113 ||   288
       Staff             |       |       |       |       |    30 ||    30
 Cast: Sting             |    10 |     9 |    25 |     5 |     7 ||    56
       Poisonous Vapours |    22 |    20 |    53 |    14 |     1 ||   110
       Mephitic Cloud    |       |     4 |    21 |    13 |     8 ||    46
       Ignite Poison     |       |     2 |    20 |    62 |   151 ||   235
       Stone Arrow       |       |       |     9 |   107 |   206 ||   322
       Olgreb's Toxic Ra |       |       |     6 |   117 |   165 ||   288
       Iskenderun's Batt |       |       |       |    18 |    54 ||    72
       Ozocubu's Refrige |       |       |       |       |    28 ||    28
Evoke: Wand              |       |     3 |    10 |     3 |    11 ||    27
  Use: Scroll            |       |       |       |       |    25 ||    25
       Potion            |       |       |       |       |     1 ||     1
 Stab: Sleeping          |     1 |     2 |     2 |     3 |       ||     8
       Distracted        |       |     1 |     1 |     1 |       ||     3
Armor: Skin              |       |     4 |     6 |     7 |     3 ||    20
Dodge: Dodged            |    20 |    46 |    78 |   154 |   189 ||   487
Block: Other             |       |       |       |    43 |     9 ||    52
       Reflection        |       |       |       |     5 |    10 ||    15
       Buckler           |       |       |       |       |   153 ||   153

Table legend: (Time is in decaauts)
 A = Elapsed time spent in this place.
 B = Non-inter-level travel time spent in this place.
 C = Inter-level travel time spent in this place.
 D = Time resting spent in this place.
 E = Time spent auto-exploring this place.
 F = Levels seen in this place.
 G = Mean time per level.
                   A        B        C        D        E       F      G
               +--------+--------+--------+--------+--------+-----+--------+
         Total |  37381 |  35372 |   2009 |   2428 |  28083 |  23 | 1625.3 |
       Dungeon |  23698 |  22243 |   1455 |   1455 |  17387 |  14 | 1692.7 |
        Temple |    117 |    107 |     10 |      0 |    107 |   1 |  117.0 |
          Lair |  11631 |  11255 |    376 |    973 |   9127 |   6 | 1938.5 |
  Orcish Mines |   1934 |   1767 |    167 |      0 |   1462 |   2 |  967.0 |
               +--------+--------+--------+--------+--------+-----+--------+

Top non-repeatable levels by time:
  Lair:6: 3225 daAuts
    D:12: 2944 daAuts
    D:10: 2429 daAuts
     D:8: 2210 daAuts
  Lair:4: 2146 daAuts
    D:11: 1935 daAuts
     D:6: 1923 daAuts
  Lair:2: 1883 daAuts
     D:5: 1846 daAuts
     D:4: 1776 daAuts
  Lair:3: 1728 daAuts
     D:7: 1566 daAuts
    D:14: 1533 daAuts
  Lair:1: 1429 daAuts
    D:13: 1308 daAuts
